 Dungeon Crawl Stone Soup version 0.30-a0-972-gf3ab3527aa (webtiles) character file.

Game seed: 11059154966479672330

5432 DeathPants the Summoner (level 10, -4/55 HPs)
             Began as a Vine Stalker Summoner on Mar 31, 2023.
             Was an Initiate of Gozag.
             Slain by a hornet (14 damage)
             ... on level 9 of the Dungeon.
             The game lasted 00:25:26 (7106 turns).

DeathPants the Summoner (Vine Stalker Summoner)     Turns: 7106, Time: 00:25:27

Health: -4/55      AC:  8    Str: 12    XL:     10   Next: 67%
Magic:  0/21       EV: 13    Int: 23    God:    Gozag
Gold:   259        SH:  0    Dex: 16    Spells: 12/22 levels left

rFire   . . .      SeeInvis .    a - +2 scimitar (elec)
rCold   . . .      Faith    .    (no shield)
rNeg    . . .      Spirit   +    j - +0 troll leather armour {Pargi}
rPois   .          Reflect  .    h - +2 helmet
rElec   .          Rampage  .    E - +0 cloak
rCorr   .                        (no gloves)
Will    +....                    (no boots)
Stlth   ++                       t - amulet of regeneration
HPRegen 2.69/turn                u - +6 ring of intelligence
MPRegen 0.17/turn                (no ring)

@: slowed, very slow
A: fangs 3, regeneration 1, magic shield, antimagic bite, no potion heal 2
a: Renounce Religion, Potion Petition, Call Merchant, Bribe Branch


You were on level 9 of the Dungeon.
You worshipped Gozag.
Gozag was aware of your devotion.
You visited 2 branches of the dungeon, and saw 13 of its levels.

You collected 513 gold pieces.
You paid 254 gold pieces to Gozag.

Inventory:

Hand Weapons
 a - a +2 scimitar of electrocution (weapon)
 b - a +2 hand axe of draining
 d - a +0 dagger
 w - a +0 dagger of venom
 M - a +5 dagger
Missiles
 n - 7 boomerangs
 v - 24 poisoned darts
 x - 2 throwing nets
Armour
 h - a +2 helmet (worn)
 j - a +0 troll leather armour (worn) {Pargi}
 E - a +0 cloak (worn)
 I - +0 steam dragon scales
 K - a +0 robe
Jewellery
 f - an amulet of reflection
 t - an amulet of regeneration (around neck)
 u - a +6 ring of intelligence (left hand)
Wands
 o - a wand of digging (5)
 s - a wand of paralysis (6)
 H - a wand of flame (20)
 N - a wand of roots (8)
Scrolls
 l - a scroll of enchant weapon {unknown}
 p - a scroll of summoning {unknown}
 r - a scroll of poison {unknown}
 y - a scroll of immolation {unknown}
 z - a scroll of fog {unknown}
 A - a scroll of vulnerability {unknown}
 J - a scroll of amnesia {unknown}
Potions
 c - a potion of haste
 e - 3 potions of might
 g - a potion of mutation
 i - 2 potions of flight
 k - a potion of magic
 m - 3 potions of curing
 q - a potion of brilliance
 B - a potion of cancellation
 C - 2 potions of attraction
 D - a potion of ambrosia {unknown}
 F - a potion of resistance {unknown}
 G - a potion of berserk rage {unknown}
 L - 2 potions of degeneration {unknown}


   Skills:
 + Level 7.2 Fighting
 * Level 2.4 Long Blades
 - Level 3.2 Armour
 - Level 4.2 Dodging
 - Level 3.7 Stealth
 - Level 6.8 Spellcasting
 + Level 9.0 Summonings
 - Level 4.1 Ice Magic


You had 12 spell levels left.
You knew the following spells:

 Your Spells              Type           Power      Damage    Failure   Level
a - Summon Small Mammal   Summ           100%       N/A       1%          1
b - Call Imp              Summ           49%        N/A       1%          2
c - Call Canine Familiar  Summ           49%        N/A       1%          3
d - Summon Ice Beast      Ice/Summ       38%        N/A       7%          4

Your spell library contained the following spells:

 Spells                   Type           Power      Damage    Failure   Level
 Summon Guardian Golem    Hex/Summ       28%        N/A       4%          3
 Ensorcelled Hibernation  Hex/Ice        34%        N/A       6%          2
 Apportation              Tloc           14%        N/A       10%         1
 Foxfire                  Conj/Fire      28%        2x1d3     10%         1
 Passwall                 Tmut/Erth      5%         N/A       16%         2
 Summon Lightning Spire   Summ/Air       28%        N/A       16%         4
 Portal Projectile        Hex/Tloc       14%        N/A       30%         3
 Swiftness                Air            7%         N/A       30%         3
 Fulminant Prism          Conj/Hex       3%         3d5       69%         4
 Leda's Liquefaction      Hex/Erth       3%         N/A       69%         4
 Alistair's Intoxication  Tmut/Pois      4%         N/A       95%         5
 Borgnjor's Revivificati  Necr           3%         N/A       100%        8
 Necromutation            Tmut/Necr      3%         N/A       100%        8
 Death's Door             Necr           3%         N/A       100%        9


Dungeon Overview and Level Annotations

Branches:
Dungeon (12/15)            Temple (1/1) D:6
   Lair: D:8-11         Orc: D:9-12

Altars:
Ashenzari
Cheibriados
Dithmenos
Elyvilon
Fedhas
Gozag
Hepliaklqana
Kikubaaqudgha
Makhleb
Nemelex Xobeh
Okawaru
Qazlal
Ru
Sif Muna
Trog
Uskayaw
Wu Jian
Xom
Yredelemnul
Zin
The Shining One

Shops:
D:4 [*?!   D:7 (((   D:10 *

Annotations:
D:10 Josephine


Innate Abilities, Weirdness & Mutations

You have razor-sharp teeth.
Your natural rate of healing is unusually fast.
When hurt, damage is shared between your health and your magic reserves.
Your bite disrupts and absorbs the magic of your enemies.
Potions cannot restore your health.


Message History

* * * LOW HITPOINT WARNING * * *
You shrug off the repeated paralysis!
The orc wizard hits you with a +0 dagger.
The ice beast hits you but does no damage.
Your ice beast hits the ice beast but does no damage.
The orc priest barely misses you. The orc wizard misses you.
The hornet misses you.
The orc wizard hits you with a +0 dagger.
* * * LOW HITPOINT WARNING * * *
The orc priest hits you with a +0 club.
* * * LOW HITPOINT WARNING * * *
The orc wizard hits you with a +0 dagger.
* * * LOW HITPOINT WARNING * * *
Your ice beast hits the ice beast but does no damage.
The ice beast hits you but does no damage.
The hornet stings you!
* * * LOW HITPOINT WARNING * * *
You are lethally poisoned!
You shrug off the repeated paralysis!
The ice beast closely misses your ice beast.
Your system rejects the healing.
You feel better. The hornet barely misses you. The orc wizard misses you.
The ice beast hits you but does no damage.
Your ice beast closely misses the ice beast.
The orc priest hits you but does no damage.
The orc wizard barely misses you. The ice beast hits your ice beast.
The ice beast freezes your ice beast.
Your ice beast completely resists.
The hornet stings you but does no damage.
The orc wizard hits you but does no damage.
The orc priest hits you but does no damage.
The orc wizard hits you but does no damage.
Your ice beast hits the ice beast but does no damage.
The ice beast barely misses you.
Okay, then.
The hornet attacks as you move away!
The hornet stings you but does no damage.
The hornet stings you!
You die...
Your body crumbles into a pile of gold.

.).......#
#.##
.........#
#..##
.[.......#
#######..###
.$.$...#
#...........
......#
#.##########
###..Y.# #.#
$ #..YYYo#
#.# $
#...oyo# #.#
# $ #....@.#
#.# ..
#.~~...# #.#
..
#..~...####.#
#........##.#
$
#......#.##.#
#......#.##.#
#......#....#
#####.#####.#
#.# ###


You could see a hornet, 3 ice beasts, an orc priest, 2 orc wizards and a
friendly ice beast (summoned).

Vanquished Creatures
  Joseph (D:7)
  Maggie (D:6)
  A hornet (D:9)
  A yak (D:8)
  A steam dragon (D:8)
  2 water moccasins (D:7)
  2 orc warriors
  Pargi (D:3)
  An ice beast (D:5)
  An ogre (D:7)
  2 lemures (D:5)
  A centaur (D:5)
  A bullfrog (D:8)
  2 scorpions (D:5)
  2 killer bees (D:9)
  3 howler monkeys (D:8)
  5 hounds
  A jelly (D:6)
  Crazy Yiuf (D:7)
  A sleepcap (D:5)
  A gnoll bouda (D:7)
  3 iguanas
  2 orc wizards (D:6)
  9 gnolls
  4 adders
  A white imp (D:6)
  2 ufetubi
  2 dart slugs (D:3)
  27 orcs
  5 endoplasms
  2 giant cockroaches (D:1)
  2 goblins
  2 hobgoblins
  7 kobolds
  4 quokkas
  5 ball pythons
  3 bats
  4 frilled lizards
  2 rats
118 creatures vanquished.

Vanquished Creatures (collateral kills)
  Pikel (D:5)
  A troll (D:11)
  A hornet (D:7)
  Sigmund (D:3)
  A wraith (D:9)
  2 yaks (D:8)
  A steam dragon (D:9)
  Menkaure (D:5)
  An ogre (D:7)
  A centaur (D:7)
  2 kobold brigands (D:7)
  A gnoll sergeant (D:8)
  4 wights (D:8)
  3 killer bees (D:9)
  2 hounds
  2 jellies
  An orc priest (D:7)
  An iguana (D:7)
  3 orc wizards
  An adder (D:2)
  A gnoll (D:8)
  8 orcs
  3 goblins
  2 hobgoblins
  4 kobolds
  2 ball pythons (D:1)
51 creatures vanquished.

Vanquished Creatures (others)
  An orc (D:9)
  2 fungi (D:10)
  13 plants (D:10)
16 creatures vanquished.

Grand Total: 185 creatures vanquished

Notes
Turn   | Place    | Note
-------+----------+-------------------------------------------
     0 | D:1      | DeathPants the Vine Stalker Summoner began the quest for
                  | the Orb.
     0 | D:1      | Reached XP level 1. HP: 9/9 MP: 4/4
    88 | D:1      | Reached XP level 2. HP: 3/14 MP: 0/6
   154 | D:1      | Learned a level 2 spell: Call Imp
   541 | D:1      | Reached XP level 3. HP: 17/17 MP: 7/7
   595 | D:1      | Learned a level 3 spell: Call Canine Familiar
   809 | D:2      | Reached skill level 1 in Fighting
  1080 | D:3      | Noticed Pargi
  1424 | D:2      | Identified a scroll of acquirement
  1424 | D:2      | Acquired the Grimoire of the Swan
  1490 | D:3      | Gained mutation: Your natural rate of healing is unusually
                  | fast. [Vine Stalker growth]
  1490 | D:3      | Reached XP level 4. HP: 14/22 MP: 5/9
  1580 | D:4      | Found Odghemp's Magic Scroll Shoppe.
  1742 | D:3      | Killed Pargi
  1743 | D:3      | Reached XP level 5. HP: 22/26 MP: 5/10
  1810 | D:3      | Learned a level 4 spell: Summon Ice Beast
  1873 | D:3      | Noticed Sigmund
  1891 | D:3      | Killed Sigmund
  1892 | D:3      | Reached skill level 5 in Summonings
  1892 | D:3      | Reached skill level 1 in Ice Magic
  1892 | D:3      | Reached XP level 6. HP: 32/32 MP: 0/12
  2438 | D:4      | Found Zogoqe's Armour Shop.
  2619 | D:4      | Reached XP level 7. HP: 35/35 MP: 11/13
  2689 | D:5      | Entered Level 5 of the Dungeon
  2912 | D:4      | Found Veamu's Distillery.
  2970 | D:4      | Found Puinir's General Store.
  3193 | D:5      | Noticed Pikel
  3280 | D:5      | Killed Pikel
  3281 | D:5      | Reached skill level 5 in Spellcasting
  3281 | D:5      | Reached skill level 6 in Summonings
  3281 | D:5      | Gained mutation: You have razor-sharp teeth. [Vine Stalker
                  | growth]
  3281 | D:5      | Reached XP level 8. HP: 42/42 MP: 14/16
  3719 | D:5      | Noticed Menkaure
  3726 | D:5      | HP: 1/42 [Menkaure (19)]
  3727 | D:5      | Killed Menkaure
  4389 | D:6      | Found a staircase to the Ecumenical Temple.
  4401 | Temple   | Entered the Ecumenical Temple
  4611 | D:6      | Noticed Maggie
  4631 | D:6      | Killed Maggie
  4632 | D:6      | Reached skill level 5 in Fighting
  4632 | D:6      | Reached skill level 7 in Summonings
  4632 | D:6      | Reached XP level 9. HP: 11/47 MP: 8/19
  4843 | D:7      | Noticed a hornet
  4848 | D:7      | Killed a hornet
  4984 | D:6      | Found a glowing golden altar of the Shining One.
  5227 | D:7      | Noticed Joseph
  5228 | D:7      | Found Xuyngev's Weapon Emporium.
  5246 | D:7      | Killed Joseph
  5343 | D:7      | Reached skill level 1 in Armour
  5415 | D:7      | Found a runed translucent door.
  5417 | D:7      | Noticed Crazy Yiuf
  5426 | D:7      | Killed Crazy Yiuf
  5551 | D:7      | Reached skill level 8 in Summonings
  5602 | D:7      | Found a basalt altar of Yredelemnul.
  5697 | D:7      | Found Huydow's Antique Weapon Shoppe.
  5951 | D:7      | Reached XP level 10. HP: 53/53 MP: 21/21
  5957 | D:7      | Found Giroo's Weapon Shoppe.
  6512 | D:8      | You fall into a shaft and drop 3 floors!
  6535 | D:11     | Reached skill level 1 in Long Blades
  6701 | D:10     | Entered Level 10 of the Dungeon
  6731 | D:10     | Found an opulent altar of Gozag.
  6738 | D:10     | Became a worshipper of Gozag Ym Sagoz the Greedy
  6779 | D:10     | Noticed Josephine
  6859 | D:10     | Found Lonnavue's Neck Hole.
  7098 | D:9      | Reached skill level 9 in Summonings
  7103 | D:9      | Paralysed by a hornet for 1 turns
  7104 | D:9      | HP: 2/55 [hornet (8)]
  7106 | D:9      | Slain by a hornet

Illustrated notes

Levels and vault maps discovered:
D:1:      dpeg_arrival_tiny_d, layout_loops_ring
D:2:      layout_loops_ring
D:3:      layout_basic, uniq_sigmund, uniq_pargi
D:4:      layout_basic, serial_shops, nicolae_lakefront_shop,
          nicolae_diamond_shop, nicolae_shop_stone, nicolae_inconvenience_store,
          hex_medium
D:5:      layout_rooms, serial_co_window_serial, co_window_of_opportunity_a,
          co_window_corner_a, co_window_corner_a, co_window_paths_a,
          co_window_of_opportunity_a, co_window_corner_a, co_window_paths_a,
          co_window_of_opportunity_a, co_window_corner_a,
          co_window_of_opportunity_b, co_window_unsneaky_path_c,
          co_window_of_opportunity_c, co_window_sun, glass_columns_b,
          kennysheep_generic_room_8, uniq_menkaure, uniq_pikel
D:6:      layout_cave_pools, amcnicky_altar_gilded,
          minmay_temple_entry_statues_pillars, minmay_statues_item, uniq_maggie
D:7:      layout_loops_cross, marbit_many_paths, serial_shops, shop, shop, shop,
          uniq_crazy_yiuf_cottage, uniq_joseph
D:8:      layout_loops_cross, kennysheep_little_box
D:9:      layout_basic, minivault_16
D:10:     layout_irregular_city, grunt_gozag_statues, minmay_lair_entry_grove,
          nicolae_shop_sticking_my_neck_out, uniq_josephine
D:11:     minmay_blocky_corners, layout_stronghold, orc_0_dummy
D:12:     layout_grid_maze
Temple:   dpeg_three_leaves_temple

Skill      XL: |  1  2  3  4  5  6  7  8  9 10 |
---------------+-------------------------------+-----
Fighting       | 1 2 3 5 6 7 |  7.2
Stealth        | 3 |  3.7
Dodging        | 2 3 4 |  4.2
Spellcasting   | 3 5 6 |  6.8
Summonings     | 5 6 7 8 9 |  9.0
Ice Magic      | 1 2 3 4 |  4.1
Armour         | 2 3 |  3.2
Long Blades    | 2 |  2.4

Action                     |  1- 3 |  4- 6 |  7- 9 | 10-12 || total
---------------------------+-------+-------+-------+-------++-------
  Melee: Dagger            |    52 |       |       |     8 ||    60
         Bite              |     9 |     8 |    71 |    42 ||   130
         Hand axe          |    16 |    59 |   220 |    64 ||   359
         Punch             |       |       |     1 |     3 ||     4
         Scimitar          |       |       |       |    32 ||    32
   Cast: Summon Small Mamm |     6 |     2 |       |       ||     8
         Call Imp          |     3 |     7 |     1 |       ||    11
         Call Canine Famil |       |     1 |    18 |    10 ||    29
         Summon Ice Beast  |       |       |     3 |     9 ||    12
    Use: Scroll            |     2 |     2 |     6 |     3 ||    13
         Potion            |       |     2 |     1 |     1 ||     4
   Stab: Sleeping          |     7 |     2 |     2 |       ||    11
         Distracted        |       |       |     1 |     4 ||     5
 Armour: Robe              |    21 |     2 |       |       ||    23
         Troll leather arm |       |    16 |    64 |    64 ||   144
  Dodge: Dodged            |    60 |    54 |   169 |   145 ||   428
  Block: Other             |     8 |     5 |       |       ||    13

Table legend: (Time is in decaauts)
 A = Elapsed time spent in this place.
 B = Non-inter-level travel time spent in this place.
 C = Inter-level travel time spent in this place.
 D = Time resting spent in this place.
 E = Time spent auto-exploring this place.
 F = Levels seen in this place.
 G = Mean time per level.
                   A        B        C        D        E       F      G
               +--------+--------+--------+--------+--------+-----+--------+
         Total |   7206 |   6996 |    210 |    117 |   4808 |  13 |  554.3 |
       Dungeon |   7127 |   6931 |    196 |    117 |   4750 |  12 |  593.9 |
        Temple |     79 |     65 |     14 |      0 |     58 |   1 |   79.0 |
               +--------+--------+--------+--------+--------+-----+--------+

Top non-repeatable levels by time:
     D:5: 1343 daAuts
     D:7: 987 daAuts
     D:4: 857 daAuts
     D:1: 748 daAuts
     D:6: 733 daAuts
     D:3: 712 daAuts
     D:2: 702 daAuts
     D:8: 397 daAuts
     D:9: 269 daAuts
    D:11: 188 daAuts
    D:10: 183 daAuts
  Temple: 79 daAuts
    D:12: 1 daAuts
